Cogmind - Beta 15 @@@ ROGUE MODE // 2025.08.06 @ 09:36:01 Player: Koba Result: Destroyed by F7-MPB(R) with Subdweller Beam Cannon Performance ------------- Evolutions (0) 0 Regions Visited (3) 600 Robots Destroyed (26) 130 Value Destroyed (514) 514 Prototype IDs (6) 120 Alien Tech Used (0) 0 Bonus (0) 0 TOTAL SCORE: 1364 Bonus ------- None Cogmind --------- Core Integrity 0/250 Matter 269/300 Energy 100/100 System Corruption 0% Temperature Cool (9) Movement Rolling (200) Ox8 Location -10/Subcaves Parts ------- > --- POWER (1) -------- (None) > --- PROPULSION (2) --- Improved Treads Wheel > --- UTILITY (2) ------ Huge Storage Unit Visual Processing Unit > --- WEAPON (2) ------- Autogun > --- INVENTORY (25) --- Light Treads Light Treads Improved Treads Improved Treads Improved Treads Improved Treads Improved Treads Improved Treads Improved Treads High-capacity Matter Pod (200) Improved Light Armor Plating Grenade Launcher Grenade Launcher Grenade Launcher Mining Claw Ripper Peak State ------------ > --- POWER ------------ (None) > --- PROPULSION ------- Improved Treads Wheel > --- UTILITY ---------- Huge Storage Unit Visual Processing Unit > --- WEAPON ----------- Autogun Ripper > --- INVENTORY -------- Light Treads Light Treads Improved Treads Improved Treads Improved Treads Improved Treads Improved Treads Improved Treads Improved Treads High-capacity Matter Pod Improved Light Armor Plating Autogun Grenade Launcher Grenade Launcher Grenade Launcher Mining Claw [Rating: 14] Favorites ----------- Power Light Ion Engine Engine Light Ion Engine Propulsion Improved Treads Treads Improved Treads Wheel Compact Wheel Utility Huge Storage Unit Device Seismic Detector Storage Huge Storage Unit Processor Visual Processing Unit Weapon Autogun Ballistic Gun Autogun Launcher Grenade Launcher Slashing Weapon Ripper Build | -11 -10 -10 -10 ------- Run | Yrd Mat Min Sub Slots Evolved . | . . . . Power . | . . . . Propulsion . | . . . . Utility . | . . . . Weapon . | . . . . Parts Attached 24 | 7 8 5 4 Power 2 | 1 . 1 . Engine 2 | 1 . 1 . Core . | . . . . Reactor . | . . . . Propulsion 7 | 2 2 2 1 Treads 4 | 2 2 . . Leg . | . . . . Wheel 3 | . . 2 1 Hover . | . . . . Flight . | . . . . Utility 5 | 2 2 1 . Device 1 | 1 . . . Storage 3 | 1 2 . . Processor 1 | . . 1 . Hackware . | . . . . Protection . | . . . . Artifact . | . . . . Weapon 10 | 2 4 1 3 Energy Gun . | . . . . Energy Cannon . | . . . . Ballistic Gun 7 | 2 3 . 2 Ballistic Cannon . | . . . . Launcher 1 | . . 1 . Special Weapon . | . . . . Impact Weapon . | . . . . Slashing Weapon 2 | . 1 . 1 Piercing Weapon . | . . . . Special Melee Weapon . | . . . . Unidentified Prototypes . | . . . . Parts Lost 8 | . . 3 5 Power 2 | . . 1 1 Propulsion 2 | . . 1 1 Utility 1 | . . 1 . Weapon 3 | . . . 3 Highest Loss Streak 3 | . . 3 3 To Critical Strikes . | . . . . Average Backups 15 | 4 13 18 17 Power . | . 1 . . Propulsion 8 | 3 7 10 9 Utility 1 | . 1 1 2 Weapon 4 | . 4 6 6 Tool/Special . | . . . . Unused Backups 15 | . 4 1 10 Power . | . . . . Propulsion 8 | . 2 . 6 Utility 4 | . 1 1 2 Weapon 3 | . 1 . 2 Tool/Special . | . . . . Average Slot Usage (%) 94 | . 100 94 88 Engine 11 | . 14 13 5 Treads 20 | . 28 15 14 Wheel 7 | . . 12 13 Device 7 | . 14 5 . Storage 14 | . 14 14 14 Processor 5 | . . 4 14 Ballistic Gun 22 | . 27 24 15 Launcher 2 | . . 3 5 Slashing Weapon 1 | . . . 4 Peak Build Rating 14 | 7 13 13 14 Average Rating 11 | 5 10 12 12 On Entrance 8 | . 7 13 13 Naked Turns . | . . . . Heaviest Build 90 | 11 90 90 89 Greatest Support 46 | 40 46 46 16 Greatest Overweight (x) 8 | . 1 5 8 Average Overweight (x) 3 | . . 4 6 Largest Inventory Capacity 25 | 8 25 25 25 Average Capacity 21 | 6 18 25 25 Most Carried 21 | 6 19 21 19 Average Carried 15 | 5 13 18 17 Final Capacity 25 | 8 25 25 25 Final Carried 19 | 6 19 18 16 Class Distribution -------------------- 100% | Mutant Dominant Class ---------------- Mutant | -10/Materials Mutant | -10/Mines Mutant | -10/Subcaves Resources | -11 -10 -10 -10 ----------- Run | Yrd Mat Min Sub Matter Collected 1289 | 305 217 559 208 Remotely . | . . . . Salvage Created 963 | 146 284 266 267 Parts 72 | 12 26 12 22 Haulers Intercepted 1 | . 1 . . Recyclers Shooed 1 | . . 1 . Parts Field Recycled . | . . . . Retrieved Matter . | . . . . Parts Self-Destructed 5 | . . . 5 Prevented . | . . . . Kills | -11 -10 -10 -10 ------- Run | Yrd Mat Min Sub Combat Hostiles Destroyed 23 | . 5 12 6 Guns 20 | . 5 9 6 AOE 3 | . . 3 . Classes Destroyed 9 | 3 4 1 1 Worker 2 | 1 1 . . Tunneler 4 | 3 1 . . Hauler 1 | . 1 . . Recycler 2 | 1 . 1 . Watcher 2 | . 2 . . Swarmer 6 | . 3 3 . Grunt 3 | . 2 1 . Subdweller 6 | . . . 6 Assembled 8 | . . 8 . Best Kill Streak 3 | 2 3 3 3 Combat Bots Only 3 | . 3 3 3 Max Kills in Single Turn 2 | 1 1 2 1 Gunslinging 1 | . . 1 . Exploded 1 | . . 1 . Melee . | . . . . Uniques/NPCs Destroyed . | . . . . Combat | -11 -10 -10 -10 -------- Run | Yrd Mat Min Sub Hostile Shots Fired 100 | . 17 48 35 Missed 24 | . 3 9 12 Hits 76 | . 14 39 23 Melee 1 | . . 1 . Projectile 75 | . 14 38 23 Damage Taken 1192 | . 134 516 542 Core 261 | . 16 126 119 Absorbed by Shields . | . . . . Core Remaining (%) 100 | 100 . . . Volleys Fired 103 | 18 26 31 28 Largest 2 | 2 2 2 2 Hottest 53 | 40 46 53 53 Shots Fired 201 | 36 51 62 52 Gun 195 | 36 51 57 51 Cannon . | . . . . Launcher 6 | . . 5 1 Special . | . . . . Kinetic 195 | 36 51 57 51 Thermal . | . . . . Explosive 6 | . . 5 1 Electromagnetic . | . . . . Robot Hit Streak 15 | 7 9 15 6 Robot Miss Streak 5 | 2 2 5 3 Penetration Max . | . . . . Secondary Targets 2 | . . 2 . Max Gunslinging Chain 1 | . . 1 . Shots Hit Robots 119 | 27 31 28 33 Core Hits 59 | 10 14 22 13 Critical Kills . | . . . . Critical Parts Destroyed . | . . . . Critical Strikes . | . . . . Melee Attacks 10 | . 4 . 6 Impact . | . . . . Slashing 10 | . 4 . 6 Piercing . | . . . . Sneak Attacks . | . . . . Combat Hostiles . | . . . . Follow-up Attacks . | . . . . Damage Inflicted 1789 | 215 413 613 548 Guns 1550 | 215 413 425 497 Cannons . | . . . . Explosions 239 | . . 188 51 Melee . | . . . . Ramming . | . . . . Kinetic 1550 | 215 413 425 497 Thermal . | . . . . Explosive 239 | . . 188 51 Electromagnetic . | . . . . Impact . | . . . . Slashing . | . . . . Piercing . | . . . . Highest Corruption . | . . . . Average Corruption . | . . . . Corruption Purged . | . . . . Corruption Blocked . | . . . . Overload Shots . | . . . . Overflow Damage 4 | . . 2 2 Projectiles . | . . . . Explosions 4 | . . 2 2 Melee . | . . . . Knockbacks . | . . . . Impact . | . . . . Kinetic . | . . . . Secondary . | . . . . Self-Inflicted Damage 21 | . . . 21 Shots 1 | . . . 1 Rammed . | . . . . Targets Rammed . | . . . . Kicked . | . . . . Crushed . | . . . . Highest Temperature 52 | . 30 52 . Average Temperature 14 | . 12 15 . Received Heat Transfer 251 | . 42 110 99 Siege Activations . | . . . . Martial Activations . | . . . . Shielding Activations . | . . . . Robots Disrupted . | . . . . Combat Hostiles . | . . . . Robots Corrupted . | . . . . Combat Hostiles . | . . . . Parts Fried . | . . . . Impact Corruptions . | . . . . Robots Melted . | . . . . Combat Hostiles . | . . . . Parts Melted 1 | . . . 1 Heat Transferred . | . . . . Parts Sabotaged . | . . . . Parts Stolen . | . . . . Parts Stripped . | . . . . Power Chain Reactions . | . . . . Alert | -11 -10 -10 -10 ------- Run | Yrd Mat Min Sub Maximum Alert Level . | . . . . Low Security (%) 100 | 100 100 100 . Level 1 . | . . . . Level 2 . | . . . . Level 3 . | . . . . Level 4 . | . . . . Level 5 . | . . . . High Security . | . . . . Max Security . | . . . . Peak Influence 70 | 5 62 70 . Initial . | . . . . Average 7 | 1 7 9 . Influence Increases 368 | 25 195 148 . Destroy 0b10 Robot/C 180 | . 100 80 . Destroy 0b10 Robot/NC 55 | 25 25 5 . Destroy Leader 46 | . 26 20 . Successful Hack 10 | . 10 . . Disable Machine 15 | . . 15 . Destroy Structure 32 | . 4 28 . Lose Combat Pursuer 30 | . 30 . . Influence Decreases 368 | 25 195 148 . Time Decay 343 | 25 195 123 . Lost Part 25 | . . 25 . Squads Dispatched . | . . . . Investigation . | . . . . Extermination . | . . . . Reinforcement . | . . . . Assault . | . . . . Garrison . | . . . . Intercept . | . . . . Searches Triggered . | . . . . Construction Impeded . | . . . . Haulers Reinforced . | . . . . Active Scanning Responses . | . . . . Cargo Convoy Interrupts . | . . . . Stealth | -11 -10 -10 -10 --------- Run | Yrd Mat Min Sub Distress Signals 3 | . 1 2 . Communications Jammed . | . . . . Distress Signals . | . . . . Times Spotted 37 | . 13 15 9 Peak Tracking Total 12 | . 4 12 3 Tactical Retreats 3 | . 1 2 . Traps | -11 -10 -10 -10 ------- Run | Yrd Mat Min Sub Traps Triggered 1 | . 1 . . Indirectly . | . . . . Trap Hack Attempts . | . . . . Triggered . | . . . . Disarmed . | . . . . Reprogrammed . | . . . . Reused . | . . . . Traps Extracted . | . . . . Installed . | . . . . Triggered . | . . . . Machines | -11 -10 -10 -10 ---------- Run | Yrd Mat Min Sub Machines Disabled 1 | . . 1 . Max in Single Turn 1 | . . 1 . Machines Repaired . | . . . . Machines Dismantled . | . . . . Machines Sabotaged . | . . . . Overloaded Fab Kills . | . . . . Hacking | -11 -10 -10 -10 --------- Run | Yrd Mat Min Sub Machines Accessed 7 | . 7 . . Terminals 7 | . 7 . . Fabricators . | . . . . Repair Stations . | . . . . Recycling Units . | . . . . Scanalyzers . | . . . . Garrison Access . | . . . . Total Hacks 14 | . 14 . . Successful 7 | . 7 . . Failed 7 | . 7 . . Catastrophic . | . . . . Database Lockouts . | . . . . Manual 7 | . 7 . . Terminals 14 | . 14 . . Fabricators . | . . . . Repair Stations . | . . . . Recycling Units . | . . . . Scanalyzers . | . . . . Garrison Access . | . . . . Terminal Hacks 7 | . 7 . . Robot Analysis 2 | . 2 . . Prototype ID Bank 4 | . 4 . . Hauler Manifests 1 | . 1 . . Fabricator Hacks . | . . . . Repair Station Hacks . | . . . . Recycling Unit Hacks . | . . . . Scanalyzer . | . . . . Garrison Access Hacks . | . . . . Unauthorized Hacks . | . . . . Terminals . | . . . . Fabricators . | . . . . Repair Stations . | . . . . Recycling Units . | . . . . Scanalyzers . | . . . . Garrison Access . | . . . . Data Cores Recovered . | . . . . Used . | . . . . Hacking Detections 5 | . 5 . . Full Trace Events . | . . . . Feedback Events . | . . . . Feedback Blocked . | . . . . Robot Schematics Acquired . | . . . . Robots Built . | . . . . Authchips . | . . . . Time . | . . . . Total Robot Build Rating . | . . . . Part Schematics Acquired . | . . . . Parts Built . | . . . . Authchips . | . . . . Time . | . . . . Total Part Build Rating . | . . . . Parts Repaired . | . . . . Time . | . . . . Parts Recycled . | . . . . Recycled Matter . | . . . . Retrieved Matter . | . . . . Retrieved Components . | . . . . Parts Scanalyzed . | . . . . Part Schematics Acquired . | . . . . Parts Damaged . | . . . . Bothacking | -11 -10 -10 -10 ------------ Run | Yrd Mat Min Sub Used RIF Installer . | . . . . Robots Hacked . | . . . . Non-combat . | . . . . Combat . | . . . . Robot Hacks Applied . | . . . . Relay Couplers Released . | . . . . Fabnet Peak Effective % . | . . . . Robots Rewired . | . . . . Allies Hacked . | . . . . Hacks Repelled . | . . . . Allies | -11 -10 -10 -10 -------- Run | Yrd Mat Min Sub Total Allies . | . . . . Largest Group . | . . . . Highest-Rated Group . | . . . . Highest-Rated Ally . | . . . . Total Orders . | . . . . Ally Attacks . | . . . . Total Damage . | . . . . Kills . | . . . . Allies Corrupted . | . . . . Allies Melted . | . . . . Intel | -11 -10 -10 -10 ------- Run | Yrd Mat Min Sub Active Infowar (turns) 3596 | 92 1679 545 1280 Optics 1529 | . . 249 1280 Seismic 2067 | 92 1679 296 . Robot Analysis Total 2 | . 2 . . Derelict Logs Recovered 2 | . . 1 1 Drone Launches . | . . . . Drone Recoveries . | . . . . Exploration | -11 -10 -10 -10 ------------- Run | Yrd Mat Min Sub Turns Passed 3948 | 199 1679 790 1280 Spaces Moved 1835 | 88 813 311 623 Core 4 | 4 . . . Treads 929 | 84 813 32 . Legs . | . . . . Wheels 902 | . . 279 623 Hover . | . . . . Flight . | . . . . Fastest Speed 50 | 50 160 175 175 Average Speed 185 | 155 187 181 188 Slowest Speed 240 | 160 240 240 200 Overloaded Moves . | . . . . Propulsion Burnouts . | . . . . Robots Hopped . | . . . . Potential Cave-ins . | . . . . Cave-ins Triggered . | . . . . Exploration Rate (%) 49 | 7 96 61 35 Regions Visited 3 Branch Regions 2 Pre-discovered Areas 1 | . . . 1 Known Exits Taken . | . . . . Unknown Exits Taken 3 | 1 1 1 . Scrap Searched 3 | . . 3 . Spaces Dug 20 | . 3 16 1 Terrain Destroyed 41 | . 3 33 5 Melee 4 | . 3 . 1 Projectile . | . . . . AOE 37 | . . 33 4 Terrain Rammed . | . . . . Walls Destroyed . | . . . . Machines Disabled . | . . . . Actions | -11 -10 -10 -10 --------- Run | Yrd Mat Min Sub Total 2200 | 118 921 485 676 Wait 193 | . 45 135 13 Move 1832 | 87 812 310 623 Hop . | . . . . Pick Up 25 | 6 15 3 1 Fast Attach 8 | 7 1 . . Attach 6 | . . 3 3 Detach . | . . . . Swap 13 | . 9 2 2 Drop 10 | . 9 1 . Fire 103 | 18 26 31 28 Melee 10 | . 4 . 6 Ram . | . . . . Kick . | . . . . Crush . | . . . . Escape Stasis . | . . . . Rewire . | . . . . Trap . | . . . . Miscellaneous . | . . . . Route ------- -11/Scrapyard -10/Materials (discovered 5 exits: [*Mat x3] / [*Min x2]) -10/Mines (discovered 3 exits: [*Mat x2] / [*Sub]) -10/Subcaves (discovered 2 exits: [*Mat x2]) History --------- Turn | Location | Event 19 | -11/Scrapyard | Discovered new exit (range 15) 200 | -11/Scrapyard | Entered Materials 301 | -10/Materials | Discovered new exit (range 14) 309 | -10/Materials | Build established: Mutant 465 | -10/Materials | Discovered new exit (range 4) 714 | -10/Materials | Discovered new exit (range 3) 1342 | -10/Materials | Discovered new exit (range 11) 1651 | -10/Materials | Discovered new exit (range 6) 1879 | -10/Materials | Entered Mines 2002 | -10/Mines | Discovered new exit (range 7) 2111 | -10/Mines | Assembled infested the area 2116 | -10/Mines | Assisted by a Guerilla fighting off Assembled 2212 | -10/Mines | Lost 3 parts (1p1n1u) 2491 | -10/Mines | Learned Materials garrison access intel 2493 | -10/Mines | Discovered new exit (range 12) 2497 | -10/Mines | Core integrity fell below 50% 2660 | -10/Mines | Discovered new exit (range 6) 2669 | -10/Mines | Entered Subcaves 2670 | -10/Subcaves | Approached by a straggling Scientist 2671 | -10/Subcaves | Shifting Twisted Machinery released Ripper 2701 | -10/Subcaves | Shifting Twisted Machinery released Flamer 2775 | -10/Subcaves | Learned location of Zion (-6) 3221 | -10/Subcaves | Lost 3 parts (1p1n1w) 3300 | -10/Subcaves | Core integrity fell below 20% 3359 | -10/Subcaves | Discovered new exit (range 9) 3925 | -10/Subcaves | Discovered new exit (range 11) 3949 | -10/Subcaves | Destroyed by F7-MPB(R) with Subdweller Beam Cannon Last Messages --------------- 03295_ 9A-KEW(R) destroyed. 03302_ 2Q-KG0(R) affixes Scrap Shield Fragment to Scrap Shield. 03318_ Sub. Power Source melted. 03318_ 2Q-KG0(R) destroyed. 03327_ Acquired 43 matter. 03329_ Acquired 13 matter. 03338_ LR-3MC(R): "ECOKILL!" 03340_ Autogun destroyed. 03341_ Subatomizers dissect the Wheel. 03347_ LR-3MC(R) destroyed. 03355_ Acquired 19 matter. 03356_ Subatomizers dissect the Wheel. 03359_ EXIT=FOUND 03370_ Subatomizers dissect the Wheel. 03448_ Subatomizers dissect the Multitool. 03740_ Subatomizers dissect the Disposable Heat Sink. 03925_ EXIT=FOUND 03948_ Autogun destroyed. Map ----- +----------------------------------------------------+ | | | | | | | ?????????????????????????????????????????????????? | | ?????????????????????????????????????????????????? | | ?????????????????????????????????????????????????? | | ?????????????????????????????????????????????????? | | ?????????????????????????????????????????????????? | | ?????????????????????????????????????????????????? | | ?????????????????????????????????????????????????? | | ?????????????????????????????????????????????????? | | ?????????????????????????????????????????????????? | | ?????????????????????????????????????????????????? | | ?????????????????????????????????????????????????? | | ?????????????????????????????????????????????????? | | ?????????????????????????????????????????????????? | | ?????????????????????????????????????????????????? | | ????????######????????#######????????????????????? | | ???????## #???????## ##???????????????????? | | #?????## #???????# ????????????????????? | | ####### ##??????## ?????????????????????? | | ## ###???????# #??????????????????????? | | #?????????# ##?????????????????????? | | # ##??????????# ##????????????????????? | | # ## ##???######### ###??????????????????? | | #### ###?## ## @ = #??????????????????? | | ###?## ### ### ### % < #??????????? | | ???## ### ##?# RR #??????????? | | ???# ## ##??# # ; #??????????? | | ???# ### ### #??? ##? # #??????????? | | ???## #######?## #??? ##??? ###??????????? | | ????### ##????## ###??? #????? ?#????????????? | | ??????# ###???# #???? ##?????? ????????????? | | ??????## ##?## ##????#????????? ???????????? | | ###????## #?# #??????##???????? #??????????? | | #?????## #### #?????? ###????????#??????????? | | #??????# #?????? ##??????????????????? | | #?###?## #????? ####???????????????? | | #?# ### ##???? #???????????????? | | #?# #### #???? #???????????????? | | ### #??# #???# #???????????????? | | ## ##?# #### ##??????????????? | | #?# ## ##?????????????? | | ### ##????????????? | | ## #????????????? | | # #???????????? | | ## ##### ???????????? | | ?# ## ## #???????# ??????????????? | | ?# #### ### ##???????????????????????? | | ?#### ##??# #?## #???????????????????????? | +----------------------------------------------------+ Best States ------------- Heat Dissipation 25 Energy Generation 10 Energy Capacity 125 Matter Stores 300 Matter Capacity 300 Sight Range 18 Terrain Scan Density 10 Evasion (%) 40 Recoil Reduction 2 Item Schematics ----------------- None Robot Schematics ------------------ None Fabricated ------------ Nothing Repaired ---------- Nothing Alien Tech Used ----------------- None Achievements -------------- None Challenges ------------ None Game ------ Seed GodAssembledMask Manual? 0 Play Time 00:28:49 Cumulative 18.6 hours Start 2025.08.06 @ 09:12:28 End 2025.08.06 @ 09:36:01 Sessions 1 Manual Loads 0 Difficulty Rogue Special Mode None Game No. 19 Rogue 19 Adventurer 0 Explorer 0 Win Type - Total 0 Types 0/0/0/0/0/0/0/0/0/0 Lore% 19 Gallery% 15 Achievement% 21 Wizard Run 0 Options --------- Layout 1 ASCII 0 Keyboard 1 Movement Numpad Keybinds 0 Fullscreen 2 Font 24/Smallcaps Map View 50x35 Zoom Use 0% Tactical HUD 1 Map Filters NONE Filters NONE Steam 1 RUN: 3712734e-73d7-4035-a10f-cd7aacab0c64